 Dungeon Crawl Stone Soup version 0.25.0-37-gb73750e0fb (webtiles) character file.

Game seed: 15694024124608240067

4533 littleberserk the Fighter (level 10, -1/111 (113) HPs)
             Began as an Ogre Wizard on July 9, 2020.
             Was an Elder of Okawaru.
             Slain by a yak (14 damage)
             ... on level 9 of the Dungeon.
             The game lasted 00:41:47 (13131 turns).

littleberserk the Fighter (Ogre Wizard)            Turns: 13131, Time: 00:41:47

HP:   -1/111 (113)  AC:  5    Str: 16    XL:     10   Next: 39%
MP:   22/32         EV: 10    Int: 19    God:    Okawaru [****..]
Gold: 371           SH:  0    Dex:  7    Spells: 20/28 levels left

rFire    + . .     SeeInvis .   O - +4 flail of Qagh {elec, rN+ MP+9}
rCold    + + .     Gourm    .   (no shield)
rNeg     + + .     Faith    .   r - +2 robe {MR+}
rPois    .         Spirit   .   b - +0 hat
rElec    .         Reflect  .   H - scarf {rC+ rF+}
rCorr    .         Harm     .   (gloves unavailable)
MR       ++...                  (boots unavailable)
Stlth    +.........             u - amulet of the acrobat
HPRegen  0.28/turn              o - ring of protection from cold
MPRegen  0.23/turn              E - ring of positive energy

@: no status effects
A: large, unfitting armour, tough skin 1
a: Heroism, Renounce Religion


You were on level 9 of the Dungeon.
You worshipped Okawaru.
Okawaru was greatly pleased with you.
You were not hungry.

You visited 2 branches of the dungeon, and saw 10 of its levels.
You also visited: Sewer.

You collected 503 gold pieces.
You spent 132 gold pieces at shops.

Inventory:

Hand Weapons
 h - a +0 giant spiked club
 N - a +1 vampiric whip
 O - the +4 flail of Qagh (weapon) {elec, rN+ MP+9}
   (You found it on level 8 of the Dungeon)

   Occasionally, upon striking a foe, it will discharge some electrical energy
   and cause terrible harm.
   It protects you from negative energy.
   It affects your magic capacity (+9).
Missiles
 f - 2 throwing nets
 x - 66 poisoned darts (quivered)
 L - 7 javelins
Armour
 b - a +0 hat (worn)
 r - a +2 robe of magic resistance (worn)
 B - +0 steam dragon scales
 D - a +0 cloak
 H - a scarf of resistance (worn)
Jewellery
 o - a ring of protection from cold (left hand)
 u - an amulet of the acrobat (around neck)
 E - a ring of positive energy (right hand)
Wands
 q - a wand of enslavement (8)
 t - a wand of iceblast (13)
 K - a wand of digging (5)
 M - a wand of random effects (11)
Scrolls
 e - 2 scrolls of immolation {unknown}
 i - 4 scrolls of fog
 j - 6 scrolls of remove curse
 l - 2 scrolls of identify
 m - 6 scrolls of amnesia {unknown}
 n - 2 scrolls of enchant weapon {unknown}
 s - 6 scrolls of teleportation
 v - a scroll of random uselessness {unknown}
 y - a scroll of magic mapping {unknown}
 F - a scroll of blinking
Potions
 a - a potion of lignification {unknown}
 c - 5 potions of curing
 k - 3 potions of stabbing
 p - 2 potions of berserk rage
 w - 3 potions of mutation
 z - a potion of flight
 A - 2 potions of might
 C - a potion of haste
 G - a potion of cancellation {unknown}
 I - a potion of invisibility {unknown}
 J - 2 potions of heal wounds
Comestibles
 d - 23 rations
 g - 2 chunks of flesh


   Skills:
 + Level 11.1 Fighting
 * Level 5.1 Maces & Flails
 * Level 1.8 Armour
 - Level 1.7 Dodging
 - Level 1.4 Stealth
 - Level 9.6 Spellcasting
 - Level 2.0 Conjurations
 - Level 1.2 Summonings
 - Level 0.8 Translocations
 - Level 2.0 Air Magic
 - Level 2.0 Poison Magic
 * Level 4.8 Invocations


You had 20 spell levels left.
You knew the following spells:

 Your Spells              Type           Power        Failure   Level  Hunger
a - Magic Dart            Conj           ###.         3%          1    None
b - Call Imp              Summ           ##......     7%          2    None
c - Mephitic Cloud        Conj/Pois/Air  ###.....     11%         3    None
d - Blink                 Tloc           N/A          9%          2    None

Your spell library contained the following spells:

 Spells                   Type           Power        Failure   Level  Hunger
 Slow                     Hex            #.......     12%         2    None
 Conjure Flame            Conj/Fire      ##......     16%         3    None


Dungeon Overview and Level Annotations

Branches:
Dungeon (9/15)             Temple (1/1) D:5           Sewer (visited)
   Lair: D:8-11         Orc: D:9-12

Altars:
Ashenzari
Cheibriados
Dithmenos
Elyvilon
Fedhas
Gozag
Hepliaklqana
Kikubaaqudgha
Makhleb
Nemelex Xobeh
Okawaru
Qazlal
Ru
Sif Muna
Trog
Uskayaw
Vehumet
Wu Jian
Xom
Yredelemnul
Zin
The Shining One

Shops:
D:4 ?   D:8 %[:*


Innate Abilities, Weirdness & Mutations

You are too large for most types of armour.
You have tough skin. (AC +1)


Message History

You hit the yak but do no damage.
The yak is almost dead.
The yak seems less confused.
The yak gores you! The yak barely misses you.
The stone giant shouts!
You hit the yak.
The yak is almost dead.
The yak gores you! The yak gores you.
The stone giant throws a large rock.
The large rock hits you! The yak misses you.
Things that are here:
a large rock; a yak corpse The stone giant throws a large rock.
The large rock hits you! The yak gores you but does no damage.
There is a stone staircase leading up, spattered with blood here.
You see here a large rock.
Unknown command.
The stone giant throws a large rock.
The large rock hits you!!!
* * * LOW HITPOINT WARNING * * *
The yak gores you!
You die...

##.........####+##...........
##........# #..()..........
##.......#####C............
##.......................#
##......Y..............##
##...................##
##.................##
##..YY.....÷.....##
##..@...(......##
##..Y[.......## ##...÷.....##
##.†<....## #########


You could see a stone giant and 4 yaks.

Vanquished Creatures
  Harold (D:8)
  Maggie (D:5)
  5 yaks
  A black bear (D:8)
  A necrophage (D:7)
  A phantom (D:6)
  A sky beast (D:5)
  2 centaurs (D:5)
  An ogre (D:8)
  4 big kobolds
  3 bullfrogs
  3 scorpions
  4 crimson imps
  2 howler monkeys
  A hound (D:5)
  2 orc priests (D:5)
  4 orc wizards
  A bullfrog skeleton (D:7)
  3 iguanas
  6 worker ants
  10 gnolls
  2 river rats
  13 adders
  2 shadow imps
  2 oozes (Sewer)
  An adder zombie (D:6)
  2 adder skeletons
  4 worms
  2 dart slugs
  3 leopard geckos
  20 orcs
  3 ball pythons
  11 bats
  9 giant cockroaches
  9 goblins
  6 hobgoblins
  A quokka (D:2)
  9 frilled lizards
  A jackal skeleton (D:5)
  28 kobolds
  15 rats
200 creatures vanquished.

Vanquished Creatures (collateral kills)
  A two-headed ogre (D:9)
  An ogre (D:2)
  A centaur (D:6)
  A big kobold (D:8)
  An adder (D:2)
  An orc (D:6)
  2 kobolds (D:8)
8 creatures vanquished.

Grand Total: 208 creatures vanquished

Notes
Turn   | Place    | Note
-------+----------+-------------------------------------------
     0 | D:1      | littleberserk the Ogre Wizard began the quest for the Orb.
     0 | D:1      | Reached XP level 1. HP: 16/16 MP: 5/5
   383 | D:1      | Reached XP level 2. HP: 26/26 MP: 0/7
   586 | D:1      | Reached skill level 1 in Fighting
  1215 | D:1      | Learned a level 2 spell: Call Imp
  1314 | D:2      | Reached XP level 3. HP: 33/33 MP: 2/9
  1726 | D:2      | Noticed an ogre
  1827 | D:2      | Killed an ogre
  1827 | D:2      | Reached skill level 2 in Fighting
  1827 | D:2      | Reached skill level 5 in Spellcasting
  1827 | D:2      | Reached skill level 1 in Summonings
  1827 | D:2      | Reached XP level 4. HP: 26/44 MP: 2/11
  1835 | D:2      | Learned a level 3 spell: Mephitic Cloud
  1838 | D:2      | Learned a level 2 spell: Blink
  2206 | D:2      | Reached XP level 5. HP: 46/50 MP: 10/13
  2297 | D:2      | Reached skill level 1 in Conjurations
  2740 | D:2      | Found a snail-covered altar of Cheibriados.
  3532 | D:3      | Found a shimmering blue altar of Sif Muna.
  3541 | D:3      | Found a blossoming altar of Fedhas.
  3541 | D:3      | Found a hazy altar of Hepliaklqana.
  3542 | D:3      | Found an ancient bone altar of Kikubaaqudgha.
  3542 | D:3      | Found an ornate altar of the Wu Jian Council.
  3603 | D:3      | Reached skill level 3 in Fighting
  3632 | D:3      | You fall into a shaft and drop 1 floor!
  3666 | D:4      | Found a bloodstained altar of Trog.
  3686 | D:4      | Reached skill level 1 in Poison Magic
  3686 | D:4      | Reached XP level 6. HP: 61/61 MP: 8/14
  3739 | D:4      | Reached skill level 1 in Air Magic
  3765 | D:4      | Found a glowing drain.
  3777 | Sewer    | Entered a sewer
  4545 | Sewer    | Reached XP level 7. HP: 53/68 MP: 8/16
  5661 | D:4      | Found Lechio's Magic Scroll Shoppe.
  5669 | D:4      | Bought a scroll of teleportation for 36 gold pieces
  5669 | D:4      | Bought a scroll of identify for 24 gold pieces
  5669 | D:4      | Bought a scroll of identify for 24 gold pieces
  5669 | D:4      | Bought a scroll of fog for 24 gold pieces
  5669 | D:4      | Bought a scroll of identify for 24 gold pieces
  6127 | D:4      | Reached skill level 4 in Fighting
  6887 | D:5      | Entered Level 5 of the Dungeon
  7327 | D:5      | Found a staircase to the Ecumenical Temple.
  7452 | D:5      | Found a burning altar of Makhleb.
  7575 | D:5      | Reached skill level 5 in Fighting
  7575 | D:5      | Reached XP level 8. HP: 74/80 MP: 14/20
  7661 | Temple   | Entered the Ecumenical Temple
  7715 | Temple   | Became a worshipper of Warmaster Okawaru
  8548 | D:6      | Noticed Maggie
  8576 | D:6      | Got a slimy spear
  9035 | D:5      | Killed Maggie
  9035 | D:5      | Reached * piety under Okawaru
  9035 | D:5      | Reached skill level 6 in Fighting
  9546 | D:6      | Reached skill level 7 in Fighting
  9643 | D:6      | Found a shimmering altar of Xom.
  9664 | D:6      | Found a shimmering altar of Xom.
  9711 | D:6      | Found a shimmering altar of Xom.
  9712 | D:6      | Found a shimmering altar of Xom.
  9799 | D:6      | Reached skill level 1 in Maces & Flails
  9913 | D:7      | Reached XP level 9. HP: 93/93 MP: 17/22
 10169 | D:6      | Reached skill level 8 in Fighting
 10618 | D:7      | Reached skill level 1 in Invocations
 10994 | D:7      | Reached ** piety under Okawaru
 11282 | D:8      | Noticed Harold
 11323 | D:8      | Killed Harold
 11323 | D:8      | Reached *** piety under Okawaru
 11323 | D:8      | Reached skill level 9 in Fighting
 11570 | D:8      | Found Bavockoserph's Food Shoppe.
 11676 | D:8      | Reached skill level 10 in Fighting
 12009 | D:8      | Found Eqivve's Armour Shop.
 12057 | D:8      | Found Nioquha's Book Shoppe.
 12174 | D:8      | Noticed a two-headed ogre
 12329 | D:8      | Found Tikudot's General Store.
 12346 | D:8      | Got an ebony flail
 12347 | D:8      | Identified the +4 flail of Qagh {elec, rN+ MP+9} (You found
                  | it on level 8 of the Dungeon)
 12670 | D:9      | Reached XP level 10. HP: 94/109 MP: 23/23
 12697 | D:8      | Reached skill level 1 in Armour
 13039 | D:9      | Noticed a stone giant
 13039 | D:9      | Killed a two-headed ogre
 13039 | D:9      | Reached **** piety under Okawaru
 13039 | D:9      | Reached skill level 11 in Fighting
 13094 | D:9      | Reached skill level 5 in Maces & Flails
 13131 | D:9      | Slain by a yak

Illustrated notes

Levels and vault maps discovered:
D:1:      dpeg_arrival_round_b, layout_loops_corners,
          hangedman_abyss_or_decor_stabs
D:2:      minmay_chambers_of_ones, layout_basic, kennysheep_slug_shrine,
          serial_glass, glass_columns_b, glass_columns_b, glass_columns_a,
          glass_columns_b, nrook_mini_vaults, minivault_24,
          kennysheep_cross_bottleneck, minmay_pentomino_v4
D:3:      layout_loops_corners, grunt_temple_overflow_open
D:4:      layout_basic, bloody_trog, portal_sewer_entry_b, serial_shops, shop
D:5:      layout_loops_ring, makhleb_grotto_becter, minmay_temple_entry_ruins,
          first_ration, chequers_serial_rivers_small_b
D:6:      layout_gridville, xom_redecorated, minmay_misc_feat_enclosed,
          uniq_maggie
D:7:      layout_cave_pools
D:8:      layout_basic, serial_shops, shop_statue, shop_fountains, shop, shop,
          grunt_ogre_cave, uniq_harold
D:9:      layout_big_octagon, hiddenorc1_lemuel, kennysheep_just_a_vault
Temple:   dshaligram_water_room_temple

Skill      XL: |  1  2  3  4  5  6  7  8  9 10 |
---------------+-------------------------------+-----
Spellcasting   | 4 5 6 8 9 |  9.6
Fighting       | 1 2 3 5 7 10 11 | 11.1
Summonings     | 1 |  1.2
Conjurations   | 1 2 |  2.0
Poison Magic   | 1 2 |  2.0
Air Magic      | 1 2 |  2.0
Maces & Flails | 1 4 5 |  5.1
Invocations    | 4 |  4.8
Armour         | 1 |  1.8
Dodging        | |  1.7
Stealth        | |  1.4
Translocations | |  0.8

Action                   |  1- 3 |  4- 6 |  7- 9 | 10-12 || total
-------------------------+-------+-------+-------+-------++-------
Melee: Dagger            |    24 |    84 |   337 |       ||   445
       Club              |     2 |       |       |       ||     2
       Giant spiked club |       |    11 |       |       ||    11
       Flail             |       |       |     3 |    48 ||    51
 Cast: Magic Dart        |    52 |   150 |   240 |     8 ||   450
       Call Imp          |     6 |       |    11 |     1 ||    18
       Mephitic Cloud    |       |       |    38 |    11 ||    49
  Use: Potion            |     1 |       |     2 |       ||     3
       Scroll            |       |     2 |     8 |       ||    10
 Stab: Confused          |       |       |     6 |     4 ||    10
  Eat: Chunk             |     2 |     9 |    22 |     2 ||    35
       Ration            |       |       |     1 |       ||     1
Armor: Robe              |    17 |    36 |   100 |     7 ||   160
Dodge: Dodged            |    21 |    62 |   256 |    42 ||   381
